 Dungeon Crawl Stone Soup version 0.31.0-11-ge490571c62 (webtiles) character file.

Game seed: 5940076238684222213

3313 sanka the Martial Artist (level 10, -4/77 HPs)
             Began as a Merfolk Shapeshifter on Feb 3, 2024.
             Was a Believer of Okawaru.
             Slain by a killer bee (5 damage)
             ... on level 8 of the Dungeon.
             The game lasted 00:12:45 (8387 turns).

sanka the Martial Artist (Merfolk Shapeshifter)     Turns: 8387, Time: 00:12:46

Health: -4/77      AC:  0    Str: 14    XL:     10   Next: 1%
Magic:  11/13      EV: 24    Int: 10    God:    Okawaru [**....]
Gold:   553        SH:  0    Dex: 18    Spells: 9/9 levels left

rFire   + .          .
                       - Unarmed
rCold   + . .        (shield currently unavailable)
rNeg    . . .        h - melded +0 ring mail
rPois   +            (no helmet)
rElec   +            (no cloak)
rCorr   +            (no gloves)
SInv    .            (no boots)
Will    .....        (no amulet)
Stlth   ++           (no ring)
HPRegen 0.32/turn    (no ring)
MPRegen 0.13/turn

%: no passive effects
@: flux-form, resistant, heroic, glowing
A: glow, contaminating, (nimble swimmer 2), mertail
a: Begin Untransformation, Renounce Religion, Heroism


You were on level 8 of the Dungeon.
You worshipped Okawaru.
Okawaru was pleased with you.
You were something dangerously unstable.
You visited 1 branch of the dungeon, and saw 8 of its levels.

You collected 553 gold pieces.


Innate Abilities, Weirdness & Mutations

You are something dangerously unstable.
You glow with magical radiation, making you easy to see and hit.
Foes you strike become dangerously contaminated with magical radiation.
You are incapable of wielding weapons or throwing items.
((You are very nimble when in or above water. (Stealth+, EV+, Speed+++)))
Your lower body shifts to a powerful aquatic tail in water.


   Skills:
 + Level 6.8(11.8) Fighting
 - Level 8.0(13.0) Dodging
 - Level 10.0(15.0) Unarmed Combat
 - Level 5.0 Invocations
 - Level 7.0 Shapeshifting


You had 9 spell levels left.
You didn't know any spells.
Your spell library contained the following spells:

 Spells                   Type           Power      Damage    Failure   Level
 Kiss of Death            Conj/Necr      0%         2d5       36%         1
 Ensorcelled Hibernation  Hex/Ice        0%         N/A       50%         2
 Mercury Vapours          Alch/Air       0%         N/A       50%         2
 Confusing Touch          Hex            0%         N/A       75%         3
 Fugue of the Fallen      Necr           0%         N/A       75%         3
 Mephitic Cloud           Conj/Alch/Air  0%         N/A       75%         3
 Anguish                  Hex/Necr       0%         N/A       98%         4
 Dispel Undead            Necr           0%         3d6       98%         4
 Freezing Cloud           Conj/Ice/Air   0%         6-21      100%        5

Inventory:

Missiles
 u - a throwing net {=f}
Armour
 a - a +0 animal skin
 h - a +0 ring mail (melded)
 v - a +0 helmet
Talismans
 c - a beast talisman
 d - a flux talisman (active)
Wands
 o - a wand of light (3)
 y - a wand of digging (2)
Scrolls
 e - 9 scrolls of identify {unknown}
 f - a scroll of teleportation {unknown}
 i - 2 scrolls of revelation {unknown}
 j - 2 scrolls of vulnerability {unknown}
 k - 2 scrolls of fog {unknown}
 m - a scroll of immolation {unknown}
 n - 3 scrolls of enchant armour {unknown}
 p - 4 scrolls of blinking {unknown}
 s - 3 scrolls of enchant weapon {unknown}
Potions
 g - a potion of degeneration {!q}
 l - 2 potions of curing {unknown}
 q - 3 potions of attraction {unknown}
 r - a potion of invisibility {unknown}
 t - 2 potions of ambrosia {unknown}
 w - 2 potions of berserk rage {unknown}
 x - 2 potions of might {unknown}
 A - a potion of enlightenment

Dungeon Overview and Level Annotations

Branches:
Dungeon (8/15)             Temple (0/1) D:6
   Lair: D:8-11

Altars:
Hepliaklqana
Okawaru
Uskayaw
Vehumet
Wu Jian
Xom
Zin

Shops:
D:4 ( D:8

( ...▒▒▒▒.........▒▒
[..▒.....▒▒
▒▒<▒▒..)▒▒▒▒▒....▒▒
.▒........▒ ▒.▒▒...▒
▒▒▒...▒▒▒.▒.).y....▒ ▒.▒▒.▒▒▒
▒.......▒........▒ ▒.▒.>▒
▒▒▒....▒▒.▒.....▒ ▒....▒
▒.....▒▒.▒▒)..▒▒ ▒▒.>.▒▒
▒..........▒▒▒▒ .....▒▒
▒▒▒▒▒▒yy......).▒ ......▒
▒....ypyy.......▒
......▒▒▒▒▒.▒▒▒▒▒yD...∩...▒
........)..)..▒▒▒▒▒▒▒.▒▒..▒
.........▒▒<....▒▒▒▒▒..▒..▒▒
............................
..................▒▒▒▒.▒.....
........>.........▒ ...▒.▒▒▒
...............(..▒ ▒...▒▒▒▒
▒▒................▒ ▒.....▒▒▒


You could see a steam dragon and 6 killer bees.


Message History

The killer bee stings you.
* * * LOW HITPOINT WARNING * * *
The killer bee stings you.
* * * LOW HITPOINT WARNING * * *
The killer bee completely misses you. The killer bee stings you.
* * * LOW HITPOINT WARNING * * *
Unknown command.
Use which ability? (? or * to list)
You gain the combat prowess of a mighty hero.
The killer bee closely misses you. The killer bee closely misses you.
The killer bee completely misses you. The killer bee completely misses you.
The killer bee stings you.
* * * LOW HITPOINT WARNING * * *
The killer bee completely misses you. The killer bee completely misses you.
The killer bee closely misses you. The killer bee stings you!
* * * LOW HITPOINT WARNING * * *
The killer bee stings you.
* * * LOW HITPOINT WARNING * * *
You closely miss the killer bee.
The killer bee is lightly wounded.
The killer bee completely misses you. The killer bee stings you!
* * * LOW HITPOINT WARNING * * *
The killer bee stings you.
You die...

Action                     |  1- 3 |  4- 6 |  7- 9 | 10-12 || total
---------------------------+-------+-------+-------+-------++-------
  Melee: Unarmed           |   128 |   173 |   268 |     5 ||   574
         Punch             |     2 |     2 |       |       ||     4
         Tailslap          |       |     7 |     9 |       ||    16
 Invoke: Heroism           |       |       |     8 |     1 ||     9
  Evoke: Wand              |       |       |     1 |       ||     1
    Use: Potion            |       |     6 |     1 |     2 ||     9
   Stab: Distracted        |       |     1 |       |       ||     1
 Armour: Animal skin       |    54 |       |       |       ||    54
         Ring mail         |    18 |    22 |       |       ||    40
         Skin              |       |    47 |   114 |    15 ||   176
  Dodge: Dodged            |    75 |   117 |   234 |    39 ||   465
   Form: Flux              |       |     1 |       |       ||     1

Levels and vault maps discovered:
D:1:      nzn_arrival_settlement, layout_rooms,
          dilly_ecumenical_altar_fadedgnrine, nicolae_figureground_sparkle
D:2:      layout_rooms, minivault_14
D:3:      layout_basic, lemuel_round_altar, worldfamousw_hep_ancestral_shrine,
          item_on_display_a
D:4:      layout_loops_ring, mainiacjoe_overflow_tiny_flanked,
          amethyst_overflow_temple_binary, serial_bayou_ford_a,
          grunt_decor_fettered, fountainhead, nicolae_shop_firing_range
D:5:      layout_rooms, minmay_stone_trees_small, skrybe_limestone_x
D:6:      layout_loops_cross, vehumet_crystals, minmay_temple_entry_waves,
          uniq_edmund
D:7:      layout_rooms, nicolae_wu_jian_wuxing_cycle
D:8:      layout_rooms, serial_shops, shop

Notes
Turn   | Place    | Note
-------+----------+-------------------------------------------
     0 | D:1      | sanka the Merfolk Shapeshifter began the quest for the Orb.
     0 | D:1      | Reached XP level 1. HP: 15/15 MP: 1/1
   151 | D:1      | Reached XP level 2. HP: 21/21 MP: 2/2
   298 | D:1      | Reached skill level 5 in Shapeshifting
   452 | D:1      | Reached XP level 3. HP: 23/26 MP: 3/3
   828 | D:1      | Found a faded altar of an unknown god.
  1193 | D:2      | Reached skill level 6 in Shapeshifting
  1250 | D:2      | Reached XP level 4. HP: 29/32 MP: 4/4
  1898 | D:3      | Found a shimmering altar of Xom.
  2014 | D:3      | Found a hazy altar of Hepliaklqana.
  2329 | D:4      | Noticed an ogre
  2391 | D:4      | Reached skill level 7 in Shapeshifting
  2391 | D:4      | Reached XP level 5. HP: 37/37 MP: 5/5
  2658 | D:4      | Found a glowing silver altar of Zin.
  2668 | D:4      | Reached skill level 2 in Fighting
  2835 | D:4      | Found Tosuzuc's Firing Range.
  3061 | D:4      | Killed an ogre
  3062 | D:4      | Reached skill level 5 in Unarmed Combat
  3062 | D:4      | Reached XP level 6. HP: 24/44 MP: 6/6
  3283 | D:4      | HP: 3/44 [hobgoblin (3)]
  3286 | D:4      | HP: 1/44 [orc/+0 club (1)]
  3288 | D:4      | Identified a potion of resistance
  3460 | D:4      | Reached skill level 6 in Unarmed Combat
  3843 | D:4      | Reached XP level 7. HP: 45/50 MP: 7/7
  3904 | D:4      | Found an iron altar of Okawaru.
  3916 | D:4      | Found a hide-covered altar of Uskayaw.
  3926 | D:4      | Became a worshipper of Warmaster Okawaru
  4003 | D:5      | Entered Level 5 of the Dungeon
  4329 | D:5      | Reached skill level 7 in Unarmed Combat
  4595 | D:5      | Reached * piety under Okawaru
  4596 | D:5      | Reached skill level 8 in Unarmed Combat
  5060 | D:5      | Reached XP level 8. HP: 49/56 MP: 8/8
  5426 | D:6      | Noticed a wyvern
  5437 | D:6      | Killed a wyvern
  5438 | D:6      | Reached skill level 9 in Unarmed Combat
  5549 | D:6      | Found a radiant altar of Vehumet.
  5557 | D:6      | Found a staircase to the Ecumenical Temple.
  5572 | D:6      | Noticed Edmund
  5579 | D:6      | Killed Edmund
  5761 | D:6      | Reached skill level 10 in Unarmed Combat
  5761 | D:6      | Reached skill level 1 in Invocations
  5978 | D:6      | Reached skill level 3 in Invocations
  6114 | D:6      | Reached skill level 4 in Invocations
  6530 | D:6      | Reached ** piety under Okawaru
  6531 | D:6      | Reached skill level 5 in Invocations
  6531 | D:6      | Reached skill level 3 in Dodging
  6531 | D:6      | Reached XP level 9. HP: 45/61 MP: 12/12
  6864 | D:7      | Reached skill level 3 in Fighting
  6864 | D:7      | Reached skill level 4 in Dodging
  7207 | D:7      | Found an ornate altar of the Wu Jian Council.
  7216 | D:7      | Reached skill level 4 in Fighting
  7216 | D:7      | Reached skill level 5 in Dodging
  7984 | D:8      | Noticed a deep elf pyromancer
  7998 | D:8      | Killed a deep elf pyromancer
  7999 | D:8      | Reached skill level 5 in Fighting
  7999 | D:8      | Reached skill level 7 in Dodging
  8122 | D:8      | Found Lofer's Weapon Shop.
  8160 | D:8      | Reached skill level 6 in Fighting
  8307 | D:8      | Reached skill level 8 in Dodging
  8312 | D:8      | Reached *** piety under Okawaru
  8313 | D:8      | Reached XP level 10. HP: 31/77 MP: 13/13
  8387 | D:8      | HP: 1/77 [killer bee (8)]
  8387 | D:8      | Slain by a killer bee

Vanquished Creatures
  A deep elf pyromancer (D:8)
  A wyvern (D:6)
  Edmund (D:6)
  A water moccasin (D:6)
  2 orc warriors (D:7)
  5 ice beasts
  A black bear (D:6)
  An ogre (D:4)
  A kobold brigand (D:6)
  2 bullfrogs (D:7)
  3 scorpions
  4 wights (D:8)
  5 killer bees (D:8)
  3 howler monkeys
  An orc priest (D:4)
  2 bombardier beetles (D:4)
  3 hounds
  2 jellies (D:7)
  A gnoll bouda (D:5)
  A sleepcap (D:5)
  An iguana (D:7)
  7 orc wizards
  9 gnolls
  7 adders
  A shadow imp (D:6)
  4 ufetubi
  2 dart slugs
  3 ribbon worms
  18 orcs
  10 bats
  9 endoplasms
  2 giant cockroaches
  10 goblins
  A hobgoblin (D:4)
  6 jackals
  5 quokkas
  3 training dummies (D:4)
  7 ball pythons
  3 frilled lizards
  10 kobolds
  4 rats (D:1)
163 creatures vanquished.
